 Dungeon Crawl Stone Soup version 0.26-a0-597-gb535b0901c (webtiles) character file.

Game seed: 9317192797973010686

864 Apogee the Chucker (level 7, -5/70 HPs)
             Began as a Troll Hunter on Sept 11, 2020.
             Slain by Menkaure (9 damage)
             ... on level 4 of the Dungeon.
             The game lasted 00:05:06 (3432 turns).

Apogee the Chucker (Troll Hunter)                   Turns: 3432, Time: 00:05:07

Health: -5/70      AC:  8    Str: 23    XL:     7   Next: 72%
Magic:  6/6        EV: 11    Int:  7    God:
Gold:   240        SH:  0    Dex: 10    Spells: 6/6 levels left

rFire    . . .     SeeInvis .     - Unarmed
rCold    . . .     Faith    .   (no shield)
rNeg     . . .     Spirit   .   b - +0 robe
rPois    .         Reflect  .   (helmet restricted)
rElec    .         Harm     .   h - +1 cloak
rCorr    .                      (gloves unavailable)
MR       .....                  (boots unavailable)
Stlth    +.........             (no amulet)
HPRegen  0.61/turn              (no ring)
MPRegen  0.10/turn              (no ring)

@: no status effects
A: large, unfitting armour, claws 3, regeneration 1, shaggy fur 1, tough skin 3
a: no special abilities


You were on level 4 of the Dungeon.
You visited 1 branch of the dungeon, and saw 4 of its levels.

You collected 240 gold pieces.

Inventory:

Hand Weapons
 a - a +0 short sword
Missiles
 c - 5 large rocks
 j - 3 silver javelins (quivered)
 r - 32 stones
 t - 4 throwing nets {!f}
Armour
 b - a +0 robe (worn)
 h - a +1 cloak (worn)
   (You found it on level 1 of the Dungeon)
Jewellery
 i - a cursed ring of teleportation {unknown}
   (You found it on level 1 of the Dungeon)
 k - a +4 ring of evasion {unknown}
   (You found it on level 2 of the Dungeon)
 u - an uncursed ring of protection from fire {unknown}
   (You found it on level 3 of the Dungeon)
 w - an uncursed ring of protection from cold {unknown}
   (You found it on level 4 of the Dungeon)
Wands
 d - a wand of iceblast (4)
   (You found it on level 3 of the Dungeon)
Scrolls
 f - 4 scrolls of identify {unknown}
 g - 2 scrolls of remove curse {unknown}
 l - a scroll of fear {unknown}
 o - a scroll of magic mapping {unknown}
 p - a scroll of amnesia {unknown}
 v - a scroll of teleportation {unknown}
Potions
 e - 4 potions of curing {unknown}
 m - a potion of heal wounds {unknown}
 n - a potion of stabbing {unknown}
 q - 2 potions of lignification {unknown}
 s - 2 potions of resistance {unknown}
 x - 2 potions of cancellation {unknown}
 z - a potion of mutation {unknown}


   Skills:
 + Level 4.0 Fighting
 + Level 5.1 Throwing
 + Level 4.0 Dodging
 - Level 0.3 Stealth
 + Level 4.2 Unarmed Combat


You had 6 spell levels left.
You didn't know any spells.
Your spell library was empty.

Dungeon Overview and Level Annotations

Branches:
Dungeon (4/15)
 Temple: D:4-7

Altars:
Elyvilon
The Shining One

Annotations:
D:2 1 runed translucent door, Crazy Yiuf
D:4 Menkaure


Innate Abilities, Weirdness & Mutations

You are too large for most types of armour.
You have claws for hands.
Your natural rate of healing is unusually fast.
You are covered in fur. (AC +1)
You have extremely tough skin. (AC +3)


Message History

Natasha casts a spell at you. The magic dart hits you!
* * * LOW HITPOINT WARNING * * *
You are too injured to fight recklessly!
You are too injured to fight recklessly!
You closely miss Natasha. Natasha claws you.
* * * LOW HITPOINT WARNING * * *
You scratch Natasha. Natasha barely misses you.
You scratch Natasha. Natasha completely misses you.
You closely miss Natasha. Natasha barely misses you.
You closely miss Natasha. Natasha claws you but does no damage.
You barely miss Natasha. Natasha barely misses you.
You completely miss Natasha. You barely miss Natasha. Your claw misses Natasha.
Natasha closely misses you.
You scratch Natasha. Natasha claws you but does no damage.
You scratch Natasha but do no damage. Natasha claws you.
You barely miss Natasha. Natasha claws you.
You claw Natasha!
You kill Natasha!
Natasha yowls pathetically as she dies!
Your Fighting skill increases to level 4!
Natasha, Servant of Life and Death comes into view.
You see here the felid corpse of Natasha.
You closely miss Natasha. Natasha claws you but does no damage.
You barely miss Natasha. Natasha claws you.
You mangle Natasha!!
You kill Natasha!
You feel Natasha's spirit has finally been put to rest.
Your Dodging skill increases to level 4!
r - 32 stones (gained 25)
You now have 240 gold pieces (gained 15).
z - a blue potion Menkaure, Prince of Dust comes into view.
Menkaure shouts!
Menkaure calls on the powers of darkness!
Your body is wracked with pain!
You start resting.
Menkaure is nearby!
You claw Menkaure!
Menkaure calls on the powers of darkness!
Your body is wracked with pain!
* * * LOW HITPOINT WARNING * * *
You closely miss Menkaure.
Menkaure gestures wildly while chanting.
Menkaure seems to speed up.
You scratch Menkaure but do no damage. Menkaure hits you!!
* * * LOW HITPOINT WARNING * * *
You claw Menkaure! Menkaure misses you.
You barely miss Menkaure. Menkaure hits you!
You die...

.......###.# #.# #####
#......#
#.##############.# #....
.......#
#.#............#.# #....
.......#
#..............#.# #....
....####
#..............#.# #....
....# #...†..........#.#
#.... #####
#..............#.# #....
##.............#.###....
##....@.......#........
######M###########....
#.#######.# #####
#.#.......#
###############.#.#####.#
....M.................#.#
###############.#.###.#.#
#.#.# #.#.# #.#.# #.#.#


You could see Menkaure (fast).

Vanquished Creatures
  Sigmund (D:4)
  A water moccasin (D:4)
  A scorpion (D:4)
  A howler monkey (D:4)
  3 orc priests
  A bullfrog skeleton (D:3)
  Terence (D:3)
  Natasha (thrice) (D:4)
  2 orc wizards
  A worker ant (D:4)
  3 gnolls (D:3)
  8 adders
  An ooze (D:2)
  An adder skeleton (D:4)
  2 worms
  2 dart slugs (D:2)
  5 leopard geckos
  19 orcs
  3 giant cockroaches (D:3)
  9 goblins
  11 hobgoblins
  6 jackals
  8 kobolds
  3 quokkas
  5 bats
  9 frilled lizards
  9 rats
119 creatures vanquished.

Notes
Turn   | Place    | Note
-------+----------+-------------------------------------------
     0 | D:1      | Apogee the Troll Hunter began the quest for the Orb.
     0 | D:1      | Reached XP level 1. HP: 19/19 MP: 0/0
   172 | D:1      | Reached XP level 2. HP: 28/28 MP: 1/1
   179 | D:1      | Reached skill level 1 in Unarmed Combat
   753 | D:2      | Reached XP level 3. HP: 35/35 MP: 2/2
   815 | D:2      | Reached XP level 4. HP: 42/42 MP: 3/3
   981 | D:2      | Found a runed translucent door.
   982 | D:2      | Noticed Crazy Yiuf
  1441 | D:3      | Reached skill level 4 in Throwing
  1464 | D:3      | Reached XP level 5. HP: 13/50 MP: 4/4
  1559 | D:3      | Noticed Terence
  1571 | D:3      | Killed Terence
  1775 | D:3      | Reached XP level 6. HP: 61/61 MP: 5/5
  1812 | D:3      | Found a glowing golden altar of the Shining One.
  2508 | D:4      | Found a white marble altar of Elyvilon.
  2562 | D:4      | Noticed Sigmund
  2573 | D:4      | Killed Sigmund
  2573 | D:4      | Reached XP level 7. HP: 56/67 MP: 6/6
  2664 | D:4      | Noticed Natasha
  2686 | D:4      | Killed Natasha
  3081 | D:4      | Reached skill level 5 in Throwing
  3171 | D:4      | Noticed Natasha
  3240 | D:4      | Killed Natasha
  3254 | D:4      | Noticed Natasha
  3259 | D:4      | Killed Natasha
  3404 | D:4      | Noticed Menkaure
  3430 | D:4      | HP: 3/70 [Menkaure (25)]
  3432 | D:4      | Slain by Menkaure

Illustrated notes

Levels and vault maps discovered:
D:1:      minmay_arrival_plants_in_alcoves, layout_loops_ring,
          chequers_serial_rivers_micro_d, hex_tiny, minmay_misc_feat_x,
          minmay_misc_feat_roman
D:2:      layout_rooms, grunt_ministairs_1, uniq_crazy_yiuf_cottage
D:3:      layout_basic, old_standard_altar, uniq_terence
D:4:      layout_basic, elyvilon_altar_5, uniq_sigmund, uniq_menkaure,
          uniq_natasha

Skill      XL: |  1  2  3  4  5  6  7 |
---------------+----------------------+-----
Unarmed Combat | 1 2 3 4 |  4.2
Dodging        | 2 3 4 |  4.0
Fighting       | 2 3 4 |  4.0
Throwing       | 4 5 |  5.1
Stealth        | |  0.3

Action                   |  1- 3 |  4- 6 |  7- 9 || total
-------------------------+-------+-------+-------++-------
Melee: Unarmed           |    74 |   172 |    91 ||   337
       Punch             |       |     1 |     2 ||     3
Throw: Javelin           |       |     3 |       ||     3
 Stab: Sleeping          |     1 |     1 |       ||     2
Armor: Robe              |    18 |    72 |    33 ||   123
Dodge: Dodged            |    31 |    92 |    41 ||   164

Table legend: (Time is in decaauts)
 A = Elapsed time spent in this place.
 B = Non-inter-level travel time spent in this place.
 C = Inter-level travel time spent in this place.
 D = Time resting spent in this place.
 E = Time spent auto-exploring this place.
 F = Levels seen in this place.
 G = Mean time per level.
                   A        B        C        D        E       F      G
               +--------+--------+--------+--------+--------+-----+--------+
         Total |   3423 |   3247 |    176 |    144 |   2408 |   4 |  855.8 |
       Dungeon |   3423 |   3247 |    176 |    144 |   2408 |   4 |  855.8 |
               +--------+--------+--------+--------+--------+-----+--------+

Top non-repeatable levels by time:
     D:4: 1112 daAuts
     D:3: 956 daAuts
     D:1: 735 daAuts
     D:2: 619 daAuts
